 Dungeon Crawl Stone Soup version 0.30-a0-989-g0d87f670db (webtiles) character file.

Game seed: 912564220433400767

765 dolemite99 the Geomancer (level 7, -13/37 HPs)
             Began as a Gargoyle Conjurer on Apr 4, 2023.
             Was a Follower of Fedhas.
             Mangled by an ogre
             ... wielding a +0 giant spiked club
              (18 damage)
             ... on level 5 of the Dungeon.
             The game lasted 00:07:42 (6248 turns).

dolemite99 the Geomancer (Gargoyle Conjurer)        Turns: 6248, Time: 00:07:42

Health: -13/37     AC:  8    Str: 11    XL:     7   Next: 81%
Magic:  10/13      EV: 11    Int: 20    God:    Fedhas [*.....]
Gold:   226        SH:  0    Dex:  8    Spells: 8/14 levels left

rFire   . . .      SeeInvis .    u - +0 trident
rCold   . . .      Faith    .    (no shield)
rNeg    + . .      Spirit   .    a - +0 robe
rPois   ∞          Reflect  .    (no helmet)
rElec   +          Rampage  .    (no cloak)
rCorr   .                        (no gloves)
Will    .....                    t - +1 pair of boots
Stlth   ++                       (no amulet)
HPRegen 0.26/turn                (no ring)
MPRegen 0.13/turn                (no ring)

@: invisible
A: sickness immunity, AC +4, negative energy resistance 1, electricity
resistance, torment resistance 1, petrification resistance
a: Renounce Religion


You were on level 5 of the Dungeon.
You worshipped Fedhas.
Fedhas was aware of your devotion.
You visited 1 branch of the dungeon, and saw 5 of its levels.

You collected 226 gold pieces.

Inventory:

Hand Weapons
 g - a +0 spear
 i - a +0 falchion
 p - a +0 flail
 u - a +0 trident (weapon)
Missiles
 d - 45 stones
 q - 2 javelins
 r - 4 poisoned darts
Armour
 a - a +0 robe (worn)
 e - the +2 ring mail of the Unbroken {*Corrode rElec Will+ Str+3}
   (You found it on level 4 of the Dungeon)

   Str:       It affects your strength (+3).
   rElec:     It insulates you from electricity.
   *Corrode:  It may corrode you when you take damage.
   Will:      It increases your willpower.
 o - a scarf of invisibility
 t - a +1 pair of boots (worn)
Jewellery
 v - a +6 ring of strength
Wands
 k - a wand of roots (5)
Scrolls
 f - a scroll of identify {@r1}
 h - a scroll of immolation
Potions
 b - 2 potions of magic
 c - a potion of resistance {unknown}
 l - 2 potions of curing {unknown}
 m - 2 potions of attraction
 n - 2 potions of might
 s - a potion of flight {unknown}


   Skills:
 - Level 0.3 Fighting
 - Level 1.5 Dodging
 - Level 2.1 Stealth
 + Level 4.2 Spellcasting
 - Level 5.1 Conjurations
 + Level 8.1 Earth Magic


You had 8 spell levels left.
You knew the following spells:

 Your Spells              Type           Power      Damage    Failure   Level
a - Magic Dart            Conj           96%        1d7       1%          1
b - Searing Ray           Conj           48%        2d6       2%          2
c - Stone Arrow           Conj/Erth      60%        3d10      2%          3

Your spell library contained the following spells:

 Spells                   Type           Power      Damage    Failure   Level
 Dazzling Flash           Conj/Hex       28%        N/A       13%         3
 Call Imp                 Summ           4%         N/A       19%         2
 Lesser Beckoning         Tloc           8%         N/A       19%         2
 Mephitic Cloud           Conj/Pois/Air  11%        N/A       19%         3
 Animate Armour           Summ/Erth      40%        N/A       24%         4
 Petrify                  Tmut/Erth      20%        N/A       24%         4
 Gell's Gravitas          Tloc           4%         N/A       36%         3
 Ignite Poison            Fire/Tmut/Pois 4%         N/A       36%         3
 Kindle Blastsparks       Fire/Tloc/Air  8%         2d10      36%         3
 Teleport Other           Tloc           4%         N/A       36%         3
 Fulminant Prism          Conj/Hex       7%         3d7       41%         4
 Iskenderun's Mystic Bla  Conj/Tloc      14%        2d5       41%         4
 Irradiate                Conj/Tmut      7%         3d14      77%         5
 Freezing Cloud           Conj/Ice/Air   5%         6-21      86%         5
 Lehudib's Crystal Spear  Conj/Erth      15%        10d5      100%        8
 Sublimation of Blood     Necr           Unusable   N/A       N/A         2

Dungeon Overview and Level Annotations

Branches:
Dungeon (5/15)
 Temple: D:4-7

Altars:
Fedhas
Kikubaaqudgha
Nemelex Xobeh
Trog
Uskayaw


Innate Abilities, Weirdness & Mutations

You are immune to sickness and miasma.
Your stone body is resilient. (AC +4)
You are immune to poison.
You resist negative energy. (rN+)
You are resistant to electric shocks. (rElec)
You are resistant to unholy torment.
You are immune to petrification.


Message History

There is an escape hatch in the floor here.
You see here a +0 dagger.
You see here a +0 hand axe.
Items here: )) [[.
There is a stone staircase leading down here.
You climb downwards.
There is a stone staircase leading up here.
An ogre comes into view. It is wielding a +0 giant spiked club.
Found 6 stones.
Casting: Magic Dart (safe; 1% risk of failure)
Confirm with . or Enter, or press ? or * to list all spells.
Aiming: Magic Dart (safe; 1% risk of failure)
Press: ? - help, Shift-Dir - straight line, f - ogre
Aim: an ogre, wielding a +0 giant spiked club (asleep, 100% to hit)
The magic dart hits the ogre.
The ogre is lightly wounded.
There is a stone staircase leading up here.
Casting: Magic Dart (safe; 1% risk of failure)
Confirm with . or Enter, or press ? or * to list all spells.
Aiming: Magic Dart (safe; 1% risk of failure)
Press: ? - help, Shift-Dir - straight line, f/p - ogre
Aim: an ogre, wielding a +0 giant spiked club (lightly wounded, 100% to hit)
The magic dart hits the ogre.
The ogre is moderately wounded.
Casting: Magic Dart (safe; 1% risk of failure)
Confirm with . or Enter, or press ? or * to list all spells.
Aiming: Searing Ray (safe; 2% risk of failure)
Press: ? - help, Shift-Dir - straight line, f/p - ogre
Aim: an ogre, wielding a +0 giant spiked club (moderately wounded, 90% to hit)
The searing ray hits the ogre.
The ogre is heavily wounded. (Press . to maintain the ray.)
The ogre hits you with a +0 giant spiked club!!
Ouch! That really hurt!
* * * LOW HITPOINT WARNING * * *
Okay, then.
You fade into invisibility!
The ogre hits you with a +0 giant spiked club!!
You die...
Fedhas appreciates your contribution to the ecosystem.

........# #.#
........# #..#
........#
##..#
........# #..#
........###.##
#(....#......#
.. #####
#......###..#
#...O<.....#
#....@.#...#
#...#### ###
###.. ##.# ..
..


You could see an ogre (unable to see you).

Vanquished Creatures
  Sigmund (D:3)
  2 ogres
  A kobold brigand (D:4)
  2 scorpions
  2 orc priests (D:4)
  An orc wizard (D:4)
  6 adders
  3 dart slugs
  15 orcs
  7 ball pythons
  9 bats
  9 endoplasms
  3 giant cockroaches
  6 goblins
  3 hobgoblins
  5 jackals
  7 frilled lizards
  10 kobolds
  9 rats
101 creatures vanquished.

Vanquished Creatures (others)
  2 bushes (D:4)
  18 plants (D:4)
20 creatures vanquished.

Grand Total: 121 creatures vanquished

Notes
Turn   | Place    | Note
-------+----------+-------------------------------------------
     0 | D:1      | dolemite99 the Gargoyle Conjurer began the quest for the
                  | Orb.
     0 | D:1      | Reached XP level 1. HP: 10/10 MP: 3/3
   355 | D:1      | Reached XP level 2. HP: 16/16 MP: 1/5
   924 | D:1      | Reached skill level 5 in Conjurations
   983 | D:1      | Reached XP level 3. HP: 20/20 MP: 2/6
  1245 | D:1      | Learned a level 2 spell: Searing Ray
  1681 | D:1      | Learned a level 3 spell: Stone Arrow
  1787 | D:2      | Reached skill level 1 in Earth Magic
  2168 | D:2      | Found a blossoming altar of Fedhas.
  2176 | D:2      | Became a worshipper of Fedhas Madash
  2193 | D:2      | Reached skill level 2 in Earth Magic
  2420 | D:2      | Reached XP level 4. HP: 24/24 MP: 2/7
  2527 | D:2      | Found a faded altar of an unknown god.
  3002 | D:3      | Reached skill level 3 in Earth Magic
  3646 | D:3      | Found a hide-covered altar of Uskayaw.
  3646 | D:3      | Noticed Sigmund
  3658 | D:3      | Killed Sigmund
  3659 | D:3      | Reached skill level 6 in Earth Magic
  3659 | D:3      | Reached XP level 5. HP: 27/28 MP: 2/8
  3659 | D:3      | Reached XP level 6. HP: 32/33 MP: 2/9
  4084 | D:3      | You fall into a shaft and drop 1 floor!
  4345 | D:4      | Reached * piety under Fedhas
  4750 | D:4      | Reached skill level 7 in Earth Magic
  4750 | D:4      | Reached XP level 7. HP: 37/37 MP: 4/11
  4814 | D:4      | Found an ancient bone altar of Kikubaaqudgha.
  5473 | D:4      | Identified the +2 ring mail of the Unbroken {*Corrode rElec
                  | Will+ Str+3}
  5693 | D:3      | Found a sparkling altar of Nemelex Xobeh.
  5906 | D:4      | Found a bloodstained altar of Trog.
  6000 | D:5      | Entered Level 5 of the Dungeon
  6075 | D:5      | Reached skill level 8 in Earth Magic
  6248 | D:5      | Mangled by an ogre

Illustrated notes

Levels and vault maps discovered:
D:1:      minmay_arrival_stone_box, layout_rooms
D:2:      layout_loops_ring, basic_altar, nicolae_ecumenical_lake_church,
          uniq_crazy_yiuf_cottage
D:3:      layout_basic, overflow_temple_1_default, mainiacjoe_overflow_catwalk,
          st_stairs_8, uniq_sigmund
D:4:      layout_loops_cross, trog_book, mainiacjoe_overflow_boulevard,
          chequers_garden, lexackson_kobold_supper
D:5:      layout_rooms, kennysheep_little_box,
          mainiacjoe_overflow_concentric_impassable, lemuel_tele_altar,
          amcnicky_altar_gilded, minmay_temple_entry_hall, serial_shops,
          nicolae_lakefront_shop, nicolae_concentric_dashed_squares_wild

Skill      XL: |  1  2  3  4  5  6  7 |
---------------+----------------------+-----
Conjurations   | 5 |  5.1
Earth Magic    | 2 6 7 8 |  8.1
Spellcasting   | 3 4 |  4.2
Fighting       | |  0.3
Dodging        | |  1.5
Stealth        | |  2.1

Action                     |  1- 3 |  4- 6 |  7- 9 || total
---------------------------+-------+-------+-------++-------
  Melee: Unarmed           |     1 |       |       ||     1
         Spear             |     7 |     1 |       ||     8
         Flail             |       |     1 |       ||     1
         Trident           |       |     8 |    23 ||    31
   Cast: Magic Dart        |    57 |    27 |    34 ||   118
         Searing Ray       |     2 |    16 |    12 ||    30
    Use: Scroll            |       |     4 |     5 ||     9
         Potion            |       |       |     3 ||     3
 Armour: Robe              |    13 |    11 |    33 ||    57
  Dodge: Dodged            |    22 |    29 |    51 ||   102

Table legend: (Time is in decaauts)
 A = Elapsed time spent in this place.
 B = Non-inter-level travel time spent in this place.
 C = Inter-level travel time spent in this place.
 D = Time resting spent in this place.
 E = Time spent auto-exploring this place.
 F = Levels seen in this place.
 G = Mean time per level.
                   A        B        C        D        E       F      G
               +--------+--------+--------+--------+--------+-----+--------+
         Total |   6250 |   6012 |    238 |   2793 |   2124 |   5 | 1250.0 |
       Dungeon |   6250 |   6012 |    238 |   2793 |   2124 |   5 | 1250.0 |
               +--------+--------+--------+--------+--------+-----+--------+

Top non-repeatable levels by time:
     D:4: 1781 daAuts
     D:1: 1757 daAuts
     D:3: 1673 daAuts
     D:2: 856 daAuts
     D:5: 182 daAuts
